 Dungeon Crawl Stone Soup version 0.29.0-7-g18a832c13a (webtiles) character file.

Game seed: 12909705797589538649

101 Leibowitz the Cutter (level 5, -7/33 HPs)
             Began as a Kobold Fighter on Aug 30, 2022.
             Killed by divine providence
             ... invoked by an orc priest
              (14 damage)
             ... on level 3 of the Dungeon.
             The game lasted 00:04:06 (2293 turns).

Leibowitz the Cutter (Kobold Fighter)               Turns: 2293, Time: 00:04:07

Health: -7/33      AC:  2    Str: 13    XL:     5   Next: 4%
Magic:  5/5        EV: 13    Int:  9    God:
Gold:   105        SH:  6    Dex: 17    Spells: 4/4 levels left

rFire   . . .      SeeInvis .   a - +0 rapier
rCold   . . .      Faith    .   c - +0 buckler
rNeg    . . .      Spirit   .   q - +0 robe
rPois   .          Reflect  .   (no helmet)
rElec   .          Harm     .   (no cloak)
rCorr   .          Rampage  .   (no gloves)
Will    .....                   (no boots)
Stlth   +++.......              (no amulet)
HPRegen 0.11/turn               (no ring)
MPRegen 0.09/turn               (no ring)

@: mighty
A: small, no large weapons, nightstalker 3
a: no special abilities


You were on level 3 of the Dungeon.
You visited 1 branch of the dungeon, and saw 3 of its levels.

You collected 105 gold pieces.

Inventory:

Hand Weapons
 a - a +0 rapier (weapon)
 r - a +0 dagger of holy wrath
Armour
 c - a +0 buckler (worn)
 q - a +0 robe (worn)
Wands
 p - a wand of digging (4)
Scrolls
 b - a scroll of vulnerability {unknown}
 e - 2 scrolls of identify {unknown}
 f - a scroll of blinking {unknown}
 h - a scroll of magic mapping {unknown}
 j - 2 scrolls of enchant weapon {unknown}
 l - a scroll of butterflies {unknown}
 m - 2 scrolls of silence {unknown}
Potions
 d - a potion of might
 g - a potion of flight {unknown}
 i - a potion of lignification {unknown}
 k - a potion of heal wounds {unknown}
 n - a potion of attraction {unknown}
 o - a potion of berserk rage {unknown}
 s - a potion of ambrosia {unknown}


   Skills:
 * Level 3.7 Fighting
 * Level 3.8 Short Blades
 * Level 2.8 Armour
 * Level 1.2 Dodging
 * Level 2.1 Stealth
 * Level 3.0 Shields


You had 4 spell levels left.
You didn't know any spells.
Your spell library contained the following spells:

 Spells                   Type           Power      Damage    Failure   Level
 Static Discharge         Conj/Air       0%         3-3/arc   65%         2
 Confusing Touch          Hex            0%         N/A       87%         3
 Ozocubu's Armour         Ice            0%         N/A       87%         3
 Tukima's Dance           Hex            0%         N/A       87%         3
 Dispel Undead            Necr           0%         3d6       99%         4
 Passage of Golubria      Tloc           0%         N/A       99%         4
 Sticky Flame             Conj/Fire      0%         2d3       99%         4
 Yara's Violent Unravell  Hex/Tmut       0%         3d3       100%        5
 Enfeeble                 Hex            0%         N/A       100%        7
 Ozocubu's Refrigeration  Ice            0%         4d7       100%        7


Dungeon Overview and Level Annotations

Branches:
Dungeon (3/15)

Altars:


Innate Abilities, Weirdness & Mutations

You are small and have problems with some larger weapons.
You are completely attuned to the shadows.


Message History

The helpless orc wizard fails to defend itself.
You puncture the orc wizard!
You kill the orc wizard!
Your Stealth skill increases to level 2!
Your Shields skill increases to level 3!
You have reached level 5!
You feel agile.
An orc priest and an orc come into view.
The orc priest shouts!
An orc comes into view. It is wielding a +0 club.
The orc moves out of view.
The orc priest mumbles some strange prayers to Beogh against you.
You barely resist.
Unknown command.
You start waiting.
An orc is nearby!
The orc barely misses you.
You hit the orc.
The orc is moderately wounded.
You completely miss the orc priest. The orc hits you with a +0 club.
The orc priest barely misses you.
You closely miss the orc priest. You block the orc priest's attack.
The orc closely misses you.
You closely miss the orc priest. You block the orc's attack.
The orc priest invokes the aid of Beogh against you.
Beogh smites you!
You puncture the orc priest!
The orc priest is heavily wounded.
You block the orc's attack.
The orc priest hits you with a +0 war axe!
* * * LOW HITPOINT WARNING * * *
You feel very mighty all of a sudden.
The orc priest hits you but does no damage.
The orc barely misses you.
You closely miss the orc priest.
The orc priest is heavily wounded.
The orc misses you.
The orc priest mumbles some strange prayers to Beogh against you.
Beogh smites you!
You die...

########
#o...oo#
..####@#######
#.......#
#######.# #.#
#.# ###.#####
#.......#
#.......#
#..>....###


You could see an orc priest and an orc.

Vanquished Creatures
  Terence (D:2)
  An orc wizard (D:3)
  3 worms (D:2)
  2 dart slugs (D:2)
  A ball python (D:1)
  5 endoplasms
  2 giant cockroaches
  2 goblins (D:2)
  A hobgoblin (D:2)
  A quokka (D:2)
  6 bats
  2 frilled lizards (D:1)
  2 kobolds (D:2)
  9 rats (D:2)
38 creatures vanquished.

Vanquished Creatures (others)
  2 fungi (D:1)
2 creatures vanquished.

Grand Total: 40 creatures vanquished

Notes
Turn   | Place    | Note
-------+----------+-------------------------------------------
     0 | D:1      | Leibowitz the Kobold Fighter began the quest for the Orb.
     0 | D:1      | Reached XP level 1. HP: 14/14 MP: 1/1
   421 | D:1      | Found a faded altar of an unknown god.
   487 | D:1      | Reached XP level 2. HP: 19/19 MP: 2/2
  1198 | D:2      | Reached XP level 3. HP: 23/23 MP: 3/3
  1398 | D:2      | Noticed Terence
  1409 | D:2      | Killed Terence
  1410 | D:2      | Reached skill level 1 in Dodging
  1410 | D:2      | Reached skill level 1 in Stealth
  1410 | D:2      | Reached XP level 4. HP: 20/28 MP: 4/4
  2242 | D:3      | Reached XP level 5. HP: 33/33 MP: 5/5
  2293 | D:3      | Killed from afar by an orc priest

Illustrated notes

Levels and vault maps discovered:
D:1:      minmay_arrival_three_doors, layout_basic,
          shapermc_ecumenical_altar_petra, grunt_decor_fettered
D:2:      layout_basic, minmay_rat_gold_closets, uniq_terence
D:3:      layout_loops_cross, hangedman_abyss_or_decor_stabs, minivault_23,
          uniq_sigmund

Skill      XL: |  1  2  3  4 |
---------------+-------------+-----
Short Blades   | 3 |  3.8
Dodging        | 1 |  1.2
Stealth        | 1 2 |  2.1
Shields        | 3 |  3.0
Fighting       | |  3.7
Armour         | |  2.8

Action                   |  1- 3 |  4- 6 || total
-------------------------+-------+-------++-------
Melee: Rapier            |    95 |    32 ||   127
  Use: Potion            |       |     1 ||     1
 Stab: Sleeping          |     2 |    11 ||    13
Armor: Scale mail        |    44 |       ||    44
       Robe              |       |     1 ||     1
Dodge: Dodged            |    37 |    12 ||    49
Block: Buckler           |    25 |     3 ||    28
